 Dungeon Crawl Stone Soup version 0.23.2-1-ga50397a (webtiles) character file.

Game seed: 114244387996751192

58 MalarOregon the Magician (level 4, -7/30 HPs)
             Began as a Merfolk Ice Elementalist on May 25, 2019.
             Mangled by Sigmund
             ... wielding a cursed -3 scythe
              (8 damage)
             ... on level 2 of the Dungeon.
             The game lasted 00:02:53 (1462 turns).

MalarOregon the Magician (Merfolk Ice Elementalist) Turns: 1462, Time: 00:02:54

Health: -7/30      AC:  2    Str:  8    XL:     4   Next: 1%
Magic:  9/9        EV: 13    Int: 20    God:
Gold:   67         SH:  0    Dex: 14    Spells: 9/10 levels left

rFire    . . .     SeeInvis .   c - +0 dagger
rCold    . . .     Gourm    .   (no shield)
rNeg     . . .     Faith    .   a - +0 robe
rPois    .         Spirit   .   (no helmet)
rElec    .         Reflect  .   (no cloak)
rCorr    .         Harm     .   (no gloves)
MR       .....                  (no boots)
Stlth    +.........             (no amulet)
HPRegen  0.10/turn              (no ring)
MPRegen  0.11/turn              (no ring)

@: confused, brilliant
A: change form in water, swift swim, stealthy swim
a: no special abilities


You were on level 2 of the Dungeon.
You were not hungry.

You visited 1 branch of the dungeon, and saw 2 of its levels.

You collected 67 gold pieces.

Inventory:

Hand Weapons
 c - a +0 dagger (weapon)
   (You took it off a goblin on level 1 of the Dungeon)
 m - a +2 short sword of venom
   (You took it off a kobold on level 2 of the Dungeon)
Armour
 a - a +0 robe (worn)
Jewellery
 i - a cursed -3 ring of dexterity {unknown}
   (You found it on level 1 of the Dungeon)
 k - an uncursed ring of protection from magic {unknown}
   (You found it on level 2 of the Dungeon)
 l - an uncursed ring of protection from magic {unknown}
   (You found it on level 2 of the Dungeon)
Scrolls
 g - 2 scrolls of remove curse {unknown}
 h - 2 scrolls of identify {unknown}
 j - a scroll of amnesia {unknown}
Potions
 f - a potion of brilliance
Comestibles
 b - 2 chunks of flesh
 e - 4 rations {!d}


   Skills:
 - Level 2.6 Dodging
 - Level 2.1 Stealth
 + Level 3.9 Spellcasting
   Level 0.7 Conjurations
 - Level 3.2 Ice Magic


You had 9 spell levels left.
You knew the following spells:

 Your Spells              Type           Power        Failure   Level  Hunger
a - Freeze                Ice            ####         1%          1    None

Your spell library contained the following spells:

 Spells                   Type           Power        Failure   Level  Hunger
 Throw Frost              Conj/Ice       ###...       1%          2    ##.....
 Ozocubu's Armour         Chrm/Ice       ###.....     2%          3    ###....
 Throw Icicle             Conj/Ice       ###.....     7%          4    ####...
 Summon Ice Beast         Ice/Summ       ###.....     8%          4    ####...


Dungeon Overview and Level Annotations

Branches:
Dungeon (2/15)

Altars:

Annotations:
D:2 Sigmund


Message History

You resist with some effort.
You feel sick.
Sigmund gestures wildly while chanting.
Sigmund flickers and vanishes!
Deactivating autopickup; reactivate with Ctrl-A.
Things that are here:
a +2 short sword of venom; 3 curare-tipped needles {!f}
m - a +2 short sword of venom You feel sick.
You feel sick.
You feel sick.
You feel sick.
A puff of flame appears from out of thin air!
The puff of flame hits you!
* * * LOW HITPOINT WARNING * * *
It was a potion of curing.
You feel better.
You hear some strange, mumbled words.
You are confused.
It was a potion of brilliance.
You feel clever all of a sudden.
You bump into the rock wall.
Something hits you.
* * * LOW HITPOINT WARNING * * *
You're too confused to move!
Unknown command.
You hear some strange, mumbled words.
Something tries to affect you, but you resist.
You bump into the rock wall.
You feel less confused.
You hear some strange, mumbled words.
You are confused.
You're too confused to move!
Unknown command.
Something hits you.
* * * LOW HITPOINT WARNING * * *
You bump into the rock wall.
Something hits you!
* * * LOW HITPOINT WARNING * * *
You bump into the rock wall.
Unknown command.
You feel less confused. Something hits you but does no damage.
You hear some strange, mumbled words.
You are confused.
You are more confused.
There is a stone staircase leading up here.
In your confused state, you trip and fall back down the stairs.
* * * LOW HITPOINT WARNING * * *
Something hits you!
You die...

########### #.........#
#### #.####.##.# ...#
##.####.##.### ### ##.#
#.......##.#.#### ##..
#.#
#..###..{.......#####.##
##.# #..#
##.##............# ...#
#..####@##....#######.##
#..# #..........#.##
##.. ...# #.......####.#
#####. #.## #.#######
#.# #..... #.# #.#######
#+# #.##.. #.# #.......#
#.. #.# #.......# #(.
รท.# #.......# #..
##########....>^.. ...


There were no monsters in sight!

Vanquished Creatures
  An adder (D:2)
  An ooze (D:1)
  A dart slug (D:2)
  A bat (D:2)
  3 giant cockroaches (D:2)
  9 goblins
  7 hobgoblins
  5 frilled lizards
  9 kobolds
  A rat (D:2)
38 creatures vanquished.

Notes
Turn   | Place    | Note
-------+----------+-------------------------------------------
     0 | D:1      | MalarOregon the Merfolk Ice Elementalist began the quest
                  | for the Orb.
     0 | D:1      | Reached XP level 1. HP: 13/13 MP: 3/3
   496 | D:1      | Reached XP level 2. HP: 14/19 MP: 0/5
   822 | D:1      | Reached XP level 3. HP: 24/24 MP: 3/7
  1409 | D:2      | Reached XP level 4. HP: 30/30 MP: 7/9
  1423 | D:2      | Noticed Sigmund
  1449 | D:2      | HP: 1/30 [something (7)]
  1461 | D:2      | HP: 1/30 [fell downstairs (1)]
  1462 | D:2      | Mangled by Sigmund

Skill      XL: |  1  2 |
---------------+-------+-----
Spellcasting   | 3 |  3.9
Dodging        | |  2.6
Stealth        | |  2.1
Conjurations   | |  0.7
Ice Magic      | |  3.2

Action                   |  1- 3 |  4- 6 || total
-------------------------+-------+-------++-------
Melee: Unarmed           |    21 |       ||    21
       Dagger            |    33 |       ||    33
 Cast: Freeze            |    43 |     3 ||    46
  Use: Potion            |       |     2 ||     2
 Stab: Sleeping          |     5 |       ||     5
  Eat: Chunk             |     2 |       ||     2
Armor: Robe              |     8 |       ||     8
Dodge: Dodged            |    51 |     1 ||    52
